 Dungeon Crawl Stone Soup version 0.26.1-10-gdfb7c7de75 (webtiles) character file.

Game seed: 6978522526435550410

513 DearestLeader the Sneak (level 7, -4/32 HPs)
             Began as a Spriggan Enchanter on Apr 3, 2021.
             Slain by a crimson imp
             ... wielding a cursed -3 short sword
              (7 damage)
             ... on level 4 of the Dungeon.
             The game lasted 00:11:17 (5932 turns).

DearestLeader the Sneak (Spriggan Enchanter)        Turns: 5932, Time: 00:11:18

Health: -4/32      AC:  2    Str:  4    XL:     7   Next: 0%
Magic:  11/12      EV: 18    Int: 18    God:
Gold:   209        SH:  0    Dex: 17    Spells: 5/11 levels left

rFire    + . .     SeeInvis +   j - +4 short sword
rCold    + . .     Faith    .   (shield restricted)
rNeg     . . .     Spirit   .   b - +0 robe
rPois    .         Reflect  .   (helmet restricted)
rElec    .         Harm     .   i - scarf {rC+ rF+}
rCorr    .         Rampage  .   (gloves unavailable)
Will     +....                  (boots unavailable)
Stlth    ++++......             s - amulet of magic regeneration
HPRegen  0.10/turn              (no ring)
MPRegen  0.38/turn              (no ring)

@: confusing touch, very quick
A: very small, unfitting armour, see invisible, speed 3
a: no special abilities


You were on level 4 of the Dungeon.
You visited 1 branch of the dungeon, and saw 4 of its levels.

You collected 209 gold pieces.

Inventory:

Hand Weapons
 a - a +1 dagger
 j - a +4 short sword (weapon)
 p - a +0 dagger of chaos
Missiles
 c - 16 poisoned darts (quivered)
 f - 37 sling bullets
Armour
 b - a +0 robe (worn)
 g - a +0 buckler
 i - a scarf of resistance (worn)
Jewellery
 s - an amulet of magic regeneration (around neck)
 t - an uncursed amulet of faith
Scrolls
 e - a scroll of amnesia
 m - 3 scrolls of remove curse
 o - a scroll of magic mapping
Potions
 d - a potion of brilliance {unknown}
 h - a potion of magic
 k - 2 potions of heal wounds {unknown}
 l - 2 potions of haste {unknown}
 n - 4 potions of curing
 q - a potion of invisibility {unknown}
 r - 2 potions of ambrosia {unknown}


   Skills:
 * Level 6.2 Short Blades
 - Level 3.0 Dodging
 + Level 7.6 Stealth
 - Level 2.6 Spellcasting
 + Level 4.6 Hexes


You had 5 spell levels left.
You knew the following spells:

 Your Spells              Type           Power        Failure   Level
a - Corona                Hex            21%          2%          1
b - Ensorcelled Hibernat  Hex/Ice        20%          10%         2
c - Confusing Touch       Hex            19%          8%          3

Your spell library contained the following spells:

 Spells                   Type           Power        Failure   Level
 Tukima's Dance           Hex            19%          8%          3
 Dazzling Flash           Conj/Hex       20%          21%         3


Dungeon Overview and Level Annotations

Branches:
Dungeon (4/15)
 Temple: D:4-7

Altars:
Ashenzari
Makhleb
Xom
Zin


Innate Abilities, Weirdness & Mutations

You are very small and have problems with some larger weapons.
You are too small for most types of armour.
You have supernaturally acute eyesight. (SInv)
You cover ground extremely quickly.


Message History

Aim: a crimson imp, wielding a -3 short sword and wearing the cursed necklace of Bloodlust {*Rage +Rage Will++ Int-3 Slay+6 *Curse} (44% to hit)
You throw a poisoned dart. The poisoned dart hits the crimson imp.
Unknown command.
Casting: Corona (safe; 2% risk of failure)
Confirm with . or Enter, or press ? or * to list all spells.
The spell is quite dangerous to cast (8% risk of failure)!
Continue anyway?
Your hands begin to glow red.
You closely miss the crimson imp. The crimson imp barely misses you.
You hit the crimson imp but do no damage.
The crimson imp hits you with a cursed -3 short sword.
* * * LOW HITPOINT WARNING * * *
You closely miss the crimson imp.
The crimson imp hits you with a cursed -3 short sword!
* * * LOW HITPOINT WARNING * * *
You hit the crimson imp but do no damage.
You hit the crimson imp but do no damage.
The crimson imp barely misses you.
You hit the crimson imp but do no damage.
The crimson imp hits you with a cursed -3 short sword!
You die...

#. ## ###################.
.######## #...................
........## #.##################
.######..# #.# #...#. .# ##.##
#.# #.#.#. .# #..# #.# #.#.#.
.########.####.#############.#.##
.......((((((.(.@5((..(...>..#.#.
'########.####.###############.#.
......# #..# #.# #.#. ......#
##.###.# #.#. ......#
#..##.######## #.#. ......#
##.##.#......# #.#. ......#
#.##.#.####.# #.#. ......#
#.##.#.# #.########.#. ......#
#.##.#.# #............


You could see a crimson imp.

Vanquished Creatures
  An ice beast (D:4)
  A howler monkey (D:4)
  2 crimson imps (D:4)
  3 orc priests (D:3)
  An orc wizard (D:3)
  A howler monkey skeleton (D:2)
  8 adders
  An ooze (D:1)
  3 worms
  2 dart slugs
  2 leopard geckos
  13 orcs (D:3)
  2 bats (D:3)
  2 giant cockroaches
  6 goblins
  4 hobgoblins
  11 jackals
  8 kobolds
  2 quokkas (D:4)
  A ball python (D:1)
  8 frilled lizards
  15 rats
97 creatures vanquished.

Notes
Turn   | Place    | Note
-------+----------+-------------------------------------------
     0 | D:1      | DearestLeader the Spriggan Enchanter began the quest for
                  | the Orb.
     0 | D:1      | Reached XP level 1. HP: 9/9 MP: 5/5
   295 | D:1      | Reached XP level 2. HP: 6/13 MP: 6/6
   572 | D:1      | Learned a level 2 spell: Ensorcelled Hibernation
  1522 | D:2      | Reached skill level 5 in Stealth
  1647 | D:2      | Reached XP level 3. HP: 16/16 MP: 2/8
  1739 | D:2      | Learned a level 3 spell: Confusing Touch
  1992 | D:2      | Found a burning altar of Makhleb.
  2001 | D:2      | Reached XP level 4. HP: 21/21 MP: 9/9
  3182 | D:3      | Reached skill level 6 in Stealth
  3182 | D:3      | Reached XP level 5. HP: 21/24 MP: 5/10
  3636 | D:3      | Found a broken altar of Ashenzari.
  3691 | D:3      | Reached skill level 5 in Short Blades
  4666 | D:3      | Noticed an angel
  4667 | D:3      | Found a glowing silver altar of Zin.
  4668 | D:3      | Found a shimmering altar of Xom.
  5043 | D:3      | Reached XP level 6. HP: 18/28 MP: 3/11
  5211 | D:4      | Noticed an ice beast
  5212 | D:4      | Killed an ice beast
  5213 | D:4      | Reached skill level 7 in Stealth
  5222 | D:4      | Found a shimmering altar of Xom.
  5756 | D:4      | Reached XP level 7. HP: 32/32 MP: 12/12
  5932 | D:4      | Slain by a crimson imp

Illustrated notes

Levels and vault maps discovered:
D:1:      minmay_arrival_four_circles, layout_basic
D:2:      layout_rooms, overflow_temple_1_default, minmay_rat_gold_closets
D:3:      minmay_wonky_spiral, layout_basic,
          grunt_temple_overflow_order_and_chaos_1, old_standard_altar
D:4:      layout_basic, led_xom_imps

Skill      XL: |  1  2  3  4  5  6 |
---------------+-------------------+-----
Short Blades   | 2 3 4 5 6 |  6.2
Hexes          | 4 |  4.6
Stealth        | 5 6 7 |  7.6
Dodging        | |  3.0
Spellcasting   | |  2.6

Action                   |  1- 3 |  4- 6 |  7- 9 || total
-------------------------+-------+-------+-------++-------
Melee: Dagger            |    69 |       |       ||    69
       Short sword       |    18 |   151 |    29 ||   198
Throw: Dart              |     7 |     2 |    17 ||    26
 Cast: Corona            |     5 |       |     2 ||     7
       Ensorcelled Hiber |    21 |    41 |     9 ||    71
       Confusing Touch   |       |     2 |     3 ||     5
  Use: Scroll            |       |     6 |       ||     6
       Potion            |       |     1 |       ||     1
 Stab: Sleeping          |    16 |    36 |       ||    52
       Confused          |       |     1 |       ||     1
       Distracted        |       |     1 |       ||     1
Armor: Robe              |     7 |     8 |       ||    15
Dodge: Dodged            |    63 |    89 |    13 ||   165
